AoeStats
← Pi_Face Ʃ

Nomad

503184767Analyzed
2v2 RM · 1mo ago on Aug 30, 2026· 48m 51s· 4 players
Game mode
Random Map
Map size
176×176
Population
200
Speed
Normal
Resources
Standard
Victory
Conquest
Starting age
Dark Age
Ending age
Imperial Age
RankedLock teamsTeams togetherTeam positionsShared explorationLock speedFull tech treeHidden civsTurbo modeCheats
Victory
Defeat
🇧🇷 Italians · Brazil
1431
+11
🇧🇷 Berbers · Brazil
1270
+18
1328
-15
🇨🇦 Aztecs · Canada
1320
-15
professor membrane Ʃ
9:04 Loom
13:19 Feudal Age
13:36 Double-Bit Axe
13:35 Fishing Lines
19:11 Castle Age
17:07 Horse Collar
18:32 Bow Saw
20:06 Medium Warships
23:14 Heavy Plow
24:50 Scale Mail Armor
25:40 Squires
28:37 Gold Mining
34:17 Wheelbarrow
33:32 Town Watch
44:03 Fletching
46:36 Forging
46:24 Bodkin Arrow
48:17 Forging
49:07 Chain Mail Armor
Pi_Face Ʃ
5:42 Loom
14:54 Feudal Age
19:12 Castle Age
18:11 Fletching
23:23 Double-Bit Axe
25:25 Medium Warships
25:05 Fishing Lines
25:20 Fishing Lines
26:23 Town Watch
27:14 Wheelbarrow
26:17 Crossbowman
26:54 Bodkin Arrow
27:50 Padded Archer Armor
28:00 Gold Mining
28:01 Stone Mining
30:21 Medium Warships
30:45 Horse Collar
32:09 Gillnets
34:14 Bow Saw
37:11 Imperial Age
35:28 Ballistics
36:42 Leather Archer Armor
38:53 Chemistry
37:20 Arbalester
39:28 Bracer
40:04 Heavy Plow
41:04 Squires
41:09 Pikeman
42:32 Hand Cart
42:50 Conscription
45:36 Crop Rotation
45:44 Gold Shaft Mining
Aleerah
5:45 Loom
18:57 Feudal Age
20:58 Fletching
20:55 Double-Bit Axe
24:14 Castle Age
24:55 Town Watch
25:06 Bodkin Arrow
26:45 Padded Archer Armor
28:23 Ballistics
33:32 Imperial Age
31:16 Scale Barding Armor
34:51 Chain Barding Armor
34:35 Husbandry
35:37 Light Cavalry
37:57 Cavalier
38:51 Bloodlines
40:19 Plate Barding Armor
41:41 Horse Collar
42:37 Conscription
45:21 Bracer
45:32 Forging
45:39 Leather Archer Armor
47:36 Iron Casting
Mike
4:36 Loom
13:50 Feudal Age
14:38 Double-Bit Axe
14:45 Gold Mining
21:44 Castle Age
21:33 Stone Mining
28:03 Imperial Age
27:23 Fletching
28:51 Ballistics
28:31 Bodkin Arrow
34:18 Scale Mail Armor
34:28 Forging
35:13 Bracer
36:06 Squires
37:43 Padded Archer Armor
45:12 Chemistry
45:22 Elite Cannon Galleon
46:06 Town Watch
48:34 Chain Mail Armor
Connection lost

Rejoining the realm…

Still unreachable

The connection could not be restored.

Session expired

The server has moved on; the page needs a fresh start.